 Dungeon Crawl Stone Soup version 0.28-a0-655-g4eb62b627b (webtiles) character file.

Game seed: 10159386795782714323

63 sleeves the Chopper (level 3, 0/29 HPs)
             Began as a Demonspawn Fighter on Oct 12, 2021.
             Slain by Terence (4 damage)
             ... on level 2 of the Dungeon.
             The game lasted 00:00:49 (1266 turns).

sleeves the Chopper (Demonspawn Fighter)            Turns: 1266, Time: 00:00:49

Health: 0/29       AC:  6    Str: 16    XL:     3   Next: 87%
Magic:  3/3        EV:  9    Int: 12    God:
Gold:   58         SH:  4    Dex: 12    Spells: 2/2 levels left

rFire   . . .      SeeInvis .   a - +0 war axe
rCold   . . .      Faith    .   c - +0 buckler
rNeg    . . .      Spirit   .   b - +0 scale mail
rPois   .          Reflect  .   (no helmet)
rElec   .          Harm     .   (no cloak)
rCorr   .          Rampage  .   (no gloves)
Will    .....                   (no boots)
Stlth   ..........              (no amulet)
HPRegen 0.09/turn               (no ring)
MPRegen 0.08/turn               (no ring)

@: no status effects
A: big brain 1
a: no special abilities


You were on level 2 of the Dungeon.
You visited 1 branch of the dungeon, and saw 2 of its levels.

You collected 58 gold pieces.

Inventory:

Hand Weapons
 a - a +0 war axe (weapon)
Armour
 b - a +0 scale mail (worn)
 c - a +0 buckler (worn)
Scrolls
 f - a scroll of magic mapping {unknown}
 g - a scroll of teleportation {unknown}
 h - 2 scrolls of identify {unknown}
Potions
 d - a potion of might
 e - a potion of mutation {unknown}
 i - a potion of curing {unknown}
 j - a potion of heal wounds {unknown}


   Skills:
 - Level 3.0 Fighting
 + Level 3.9 Axes
 - Level 2.6 Armour
 - Level 2.6 Shields


You had 2 spell levels left.
You didn't know any spells.
Your spell library contained the following spells:

 Spells                   Type           Power      Damage    Failure   Level
 Freeze                   Ice            0%         1d3       80%         1
 Ignite Poison            Fire/Tmut/Pois 0%         N/A       99%         3
 Ozocubu's Refrigeration  Ice            0%         4d5       100%        7


Dungeon Overview and Level Annotations

Branches:
Dungeon (2/15)

Altars:

Annotations:
D:2 Terence


Innate Abilities, Weirdness & Mutations

You have an unusually large brain. (Int +2)


Message History

Welcome, sleeves the Demonspawn Fighter.
You feel drawn to the Orb of Zot, downwards into the unfathomable depths...
Press ? for a list of commands and other information.
Found a staircase leading out of the dungeon.
The spriggan shouts!
The troll shouts!
The gnoll shouts!
The demigod shouts!
e - a black potion The barachi shouts!
The felid hisses angrily. x2
Found an escape hatch in the floor.
You open the door.
Found a faded altar of an unknown god.
There is an open door here.
A quokka comes into view.
Found the Catalogue of the Poisonous Glacier.
A rat comes into view.
You hit the quokka.
You kill the quokka!
A frilled lizard comes into view.
The frilled lizard hisses angrily.
You barely miss the rat. The rat bites you but does no damage.
You hit the rat.
You kill the rat!
Your Axes skill increases to level 2!
An endoplasm and a hobgoblin come into view.
The hobgoblin shouts!
You see here a rat corpse.
You hit the frilled lizard.
You kill the frilled lizard!
The endoplasm freezes you.
You are frozen.
You hit the hobgoblin.
The hobgoblin is almost dead.
You hit the endoplasm. The hobgoblin hits you.
The endoplasm hits you but does no damage.
You block the hobgoblin's attack. The endoplasm barely misses you.
You hit the hobgoblin.
You kill the hobgoblin!
You hit the endoplasm.
You kill the endoplasm!
No target in view!
No target in view!
No target in view!
No target in view!
No target in view!
No target in view!
No target in view!
No target in view!
No target in view!
No target in view!
A kobold comes into view. It is wielding a +0 club.
A kobold is nearby!
A kobold is nearby!
A kobold is nearby!
The kobold shouts!
You hear an angry hiss.
The kobold throws a stone.
The stone hits you but does no damage.
A ball python comes into view.
Found 10 gold pieces.
The ball python hisses angrily.
The kobold hits you with a +0 club.
You closely miss the kobold. The kobold barely misses you.
You block the kobold's attack.
You barely miss the kobold. The kobold hits you but does no damage.
You completely miss the kobold. You slash the ball python!
You kill the ball python!
The kobold barely misses you.
You slash the kobold!
You kill the kobold!
No target in view!
No target in view!
No target in view!
No target in view!
No target in view!
No target in view!
HP restored.
Things that are here:
a +0 club; 2 stones; a kobold corpse You now have 10 gold pieces.
A ball python comes into view.
A ball python is nearby!
A ball python is nearby!
You block the ball python's attack. The ball python grabs you.
The ball python constricts you.
You hit the ball python.
You kill the ball python!
You have reached level 2!
Your demonic ancestry asserts itself...
Your brain expands.
A bat comes into view.
A bat is nearby!
A bat is nearby!
The bat barely misses you.
You hit the bat.
The bat is heavily wounded.
The bat barely misses you. x2
You hit the bat.
The bat is severely wounded.
The bat hits you but does no damage.
An endoplasm comes into view.
The endoplasm quivers.
You block the bat's attack.
You miss the bat.
The bat is heavily wounded.
You block the bat's attack. The bat hits you but does no damage.
You slash the bat!
You kill the bat!
You hit the endoplasm.
You kill the endoplasm!
f - a scroll labelled TEOHEKKOIWK
Found a stone staircase leading down.
There is a stone staircase leading down here.
You open the door.
A frilled lizard and a kobold come into view.
The frilled lizard hisses angrily.
The kobold shouts!
You hear a shout!
The kobold throws a stone.
The stone barely misses you.
A goblin comes into view. It is wielding a +0 club.
The goblin shouts!
The frilled lizard barely misses you.
The kobold throws a stone.
The stone hits you but does no damage.
There is an open door here.
You hit the frilled lizard.
You kill the frilled lizard!
The goblin hits you with a +0 club.
You miss the goblin. You block the goblin's attack.
You closely miss the goblin. The goblin barely misses you.
The goblin hits you with a +0 club. The kobold hits you but does no damage.
You closely miss the goblin. You hit the kobold. The goblin closely misses you.
The kobold hits you but does no damage.
You hit the kobold.
You kill the kobold!
You hit the goblin but do no damage. You block the goblin's attack.
You slash the goblin!
You kill the goblin!
No target in view!
No target in view!
No target in view!
Things that are here:
a +0 club; a goblin corpse
Things that are here:
a +0 whip; 3 stones You open the door.
There is an open door here.
g - a scroll labelled JAISULO SAOL A goblin comes into view.
It is wielding a +0 dagger.
The goblin shouts!
A goblin is nearby!
You block the goblin's attack.
You slash the goblin!
You kill the goblin!
No target in view!
No target in view!
No target in view!
Things that are here:
a +0 dagger; a goblin corpse
h - a scroll labelled VEAHOE SALUCOYCW
Things that are here:
a +0 dagger; a goblin corpse
Things that are here:
a +0 club; 2 stones; a kobold skeleton You see here a frilled lizard skeleton.
You pick up the Catalogue of the Poisonous Glacier and begin reading...
You add the spells Freeze, Ignite Poison and Ozocubu's Refrigeration to your library.
Found a stone staircase leading down.
No target in view!
No target in view!
No target in view!
No target in view!
No target in view!
No target in view!
No target in view!
No target in view!
No target in view!
No target in view!
No target in view!
There is a stone staircase leading down here.
Found a dagger.
You now have 14 gold pieces (gained 4).
A bat comes into view.
The bat moves out of view.
The bat barely misses you.
A bat is nearby!
You slash the bat!
You kill the bat!
No target in view!
No target in view!
No target in view!
No target in view!
A hobgoblin comes into view.
Found 15 gold pieces.
The hobgoblin shouts!
A rat comes into view. x2
There are monsters nearby!
There are monsters nearby!
There are monsters nearby!
Found a red potion.
A bat comes into view.
The hobgoblin barely misses you.
The bat moves out of view.
You barely miss the hobgoblin. You block the hobgoblin's attack.
The hobgoblin barely misses you.
You completely miss the hobgoblin. The hobgoblin closely misses you.
The bat hits you but does no damage.
You slash the bat!
You kill the bat!
You hit the hobgoblin but do no damage. The hobgoblin barely misses you.
An endoplasm comes into view.
The hobgoblin closely misses you.
You slash the hobgoblin!
You kill the hobgoblin!
You hit the rat but do no damage. You block the rat's attack.
You slash the rat!
You kill the rat!
You hit the rat but do no damage. The rat closely misses you.
You block the rat's attack.
You hit the rat.
You kill the rat!
The endoplasm closely misses you.
You see here a hobgoblin corpse.
You hit the endoplasm.
You kill the endoplasm!
No target in view!
No target in view!
No target in view!
No target in view!
No target in view!
No target in view!
No target in view!
No target in view!
You now have 27 gold pieces (gained 13).
You see here a rat corpse.
You now have 42 gold pieces (gained 15).
i - a red potion A goblin and a hobgoblin come into view.
Found 18 stones.
The hobgoblin shouts!
There are monsters nearby!
There are monsters nearby!
The goblin misses you.
You closely miss the goblin. The goblin hits you with a +0 club.
You barely miss the goblin. The goblin hits you but does no damage.
You slash the goblin!
You kill the goblin!
You closely miss the hobgoblin. The hobgoblin barely misses you.
You block the hobgoblin's attack.
Your Axes skill increases to level 3!
You hit the hobgoblin.
The hobgoblin is severely wounded.
The hobgoblin barely misses you.
You slash the hobgoblin!
You kill the hobgoblin!
No target in view!
No target in view!
No target in view!
No target in view!
No target in view!
No target in view!
Things that are here:
a +0 club; a goblin corpse As you open the door, it creaks loudly!
There is an open door here.
You open the door.
There is an open door here.
You open the door.
A goblin comes into view. It is wielding a +0 club.
The goblin shouts!
Found 21 arrows.
A goblin is nearby!
A goblin is nearby!
A goblin is nearby!
A goblin is nearby!
A giant cockroach comes into view.
There is an open door here.
You closely miss the giant cockroach. The giant cockroach bites you.
You hit the goblin.
The goblin is heavily wounded.
You hit the giant cockroach. The giant cockroach bites you.
The goblin completely misses you. You block the giant cockroach's attack.
You closely miss the giant cockroach.
The giant cockroach is severely wounded.
You closely miss the goblin. The goblin barely misses you.
The giant cockroach bites you. The goblin hits you but does no damage.
You block the giant cockroach's attack.
You hit the giant cockroach but do no damage.
The giant cockroach is severely wounded.
You closely miss the goblin.
The giant cockroach bites you but does no damage.
You block the goblin's attack.
You hit the giant cockroach.
You kill the giant cockroach!
You hit the goblin.
You kill the goblin!
No target in view!
No target in view!
No target in view!
No target in view!
No target in view!
No target in view!
No target in view!
No target in view!
No target in view!
No target in view!
No target in view!
Things that are here:
a +0 club; a goblin corpse You open the door.
There is an open door here.
A goblin comes into view. It is wielding a +0 dagger.
The goblin shouts!
A goblin is nearby!
A goblin is nearby!
A goblin is nearby!
You slash the goblin!
You kill the goblin!
No target in view!
No target in view!
No target in view!
No target in view!
No target in view!
No target in view!
No target in view!
No target in view!
No target in view!
Found a stone staircase leading down.
You see here a +0 dagger.
There is a stone staircase leading down here.
As you open the door, it creaks loudly!
There is an open door here.
Key pressed, stopping explore.
h - 2 scrolls labelled VEAHOE SALUCOYCW (gained 1)
Found 5 atropa-tipped darts.
You see here 5 atropa-tipped darts.
Done exploring.
No target in view!
No target in view!
No target in view!
Done exploring.
Done exploring.
Done exploring.
(D) Dungeon
Where to? (? - help)
There is a stone staircase leading down here.
You climb downwards.
The ball python hisses angrily.
The endoplasm quivers.
Found a dagger.
There is a stone staircase leading up here.
There are monsters nearby!
There are monsters nearby!
There are monsters nearby!
There are monsters nearby!
The ball python closely misses you. The ball python grabs you.
The ball python constricts you.
You see here a +0 dagger.
You hit the ball python.
The ball python is moderately wounded.
You hit the endoplasm.
The ball python bites you but does no damage.
The ball python constricts you. The endoplasm freezes you.
You are frozen.
You block the ball python's attack. The ball python constricts you.
You slash the ball python!
You kill the ball python!
You slash the endoplasm!
You kill the endoplasm!
You have reached level 3!
Your experience leads to an increase in your attributes!
Increase (S)trength, (I)ntelligence, or (D)exterity?
You feel clever.
HP restored.
A gnoll comes into view. It is wielding a +0 spear.
The gnoll shouts!
A gnoll is nearby!
A gnoll is nearby!
A gnoll is nearby!
The gnoll hits you from afar with a +0 spear. 2 gnolls come into view.
The gnoll shouts! x2
The gnoll hits you but does no damage.
You slash the gnoll!
The gnoll is severely wounded.
The gnoll hits you but does no damage.
You slash the gnoll!
You kill the gnoll!
You hit the gnoll but do no damage. You slash the gnoll!
The gnoll is almost dead.
You hit the gnoll. The gnoll closely misses you. The gnoll misses you.
You closely miss the gnoll.
The gnoll is almost dead.
You barely miss the gnoll. You block the gnoll's attack.
The gnoll barely misses you. The gnoll hits you with a +0 flail.
The gnoll closely misses you.
You are too injured to fight recklessly!
You are too injured to fight recklessly!
You are too injured to fight recklessly!
You are too injured to fight recklessly!
You are too injured to fight recklessly!
You are too injured to fight recklessly!
You are too injured to fight recklessly!
You are too injured to fight recklessly!
You are too injured to fight recklessly!
You are too injured to fight recklessly!
You are too injured to fight recklessly!
You are too injured to fight recklessly!
You are too injured to fight recklessly!
You are too injured to fight recklessly!
You are too injured to fight recklessly!
You are too injured to fight recklessly!
You are too injured to fight recklessly!
You are too injured to fight recklessly!
You are too injured to fight recklessly!
You are too injured to fight recklessly!
You are too injured to fight recklessly!
You are too injured to fight recklessly!
You are too injured to fight recklessly!
You completely miss the gnoll.
The gnoll is severely wounded.
You closely miss the gnoll. The gnoll hits you with a +0 flail.
* * * LOW HITPOINT WARNING * * *
The gnoll barely misses you.
You slash the gnoll!
You kill the gnoll!
You hit the gnoll. The gnoll hits you with a +0 flail.
* * * LOW HITPOINT WARNING * * *
The gnoll hits you with a +0 flail.
* * * LOW HITPOINT WARNING * * *
You slash the gnoll!
You kill the gnoll!
Key pressed, stopping explore.
Key pressed, stopping explore.
Things that are here:
a +0 flail; a +0 spear; a gnoll skeleton
Things that are here:
a +0 flail; a gnoll skeleton You now have 58 gold pieces (gained 16).
You open the door.
A bat comes into view.
The bat hits you but does no damage.
A bat is nearby!
A bat is nearby!
A bat is nearby!
A bat is nearby!
The bat closely misses you.
There is an open door here.
The bat barely misses you. The bat hits you.
You barely miss the bat. The bat hits you. The bat hits you but does no damage.
You barely miss the bat. The bat hits you. The bat closely misses you.
You hit the bat.
The bat is severely wounded.
The bat completely misses you. The bat hits you but does no damage.
Your scale mail prevents you from hitting the bat.
The bat is severely wounded.
The bat hits you but does no damage. The bat barely misses you.
The bat hits you but does no damage.
You barely miss the bat.
The bat is severely wounded.
The bat hits you but does no damage. x2
You hit the bat but do no damage.
The bat is severely wounded.
The bat barely misses you. The bat hits you but does no damage.
You hit the bat.
You kill the bat!
No target in view!
No target in view!
No target in view!
You open the door.
A bat comes into view.
Found 14 stones and a fuming clear potion.
Found a stone staircase leading up.
A bat is nearby!
A bat is nearby!
A ball python comes into view.
Found a scroll labelled VEAHOE SALUCOYCW.
The bat hits you but does no damage.
There is an open door here.
Your scale mail prevents you from hitting the bat.
You block the bat's attack.
You hit the bat.
The bat is moderately wounded.
The bat hits you but does no damage. The bat closely misses you.
The bat hits you but does no damage.
Your scale mail prevents you from hitting the bat.
The bat hits you but does no damage. The ball python bites you.
The ball python grabs you. The ball python constricts you.
You closely miss the ball python. The bat hits you but does no damage.
The ball python barely misses you. The ball python constricts you.
You hit the ball python.
You kill the ball python!
The bat barely misses you. The bat hits you but does no damage.
The bat barely misses you. The bat hits you.
You closely miss the bat. The bat closely misses you.
The bat hits you but does no damage.
You completely miss the bat. The bat barely misses you.
The bat closely misses you. The bat barely misses you.
You closely miss the bat. The bat hits you but does no damage. x2
You hit the bat but do no damage. The bat barely misses you.
You block the bat's attack. The bat hits you but does no damage.
You barely miss the bat. You block the bat's attack. The bat barely misses you.
You barely miss the bat. The bat hits you but does no damage. x2
You closely miss the bat. The bat closely misses you. x2
You slash the bat!
You kill the bat!
No target in view!
j - a fuming clear potion Terence the Incautious comes into view.
He is wielding a +0 falchion of protection.
Terence shouts!
You see here a scroll labelled VEAHOE SALUCOYCW.
Terence is nearby!
Terence is nearby!
Found 15 gold pieces.
You block Terence's attack.
You hit Terence.
Terence is lightly wounded.
Terence hits you with a +0 falchion of protection.
You hit Terence but do no damage.
Terence is lightly wounded.
Terence barely misses you.
You hit Terence but do no damage.
Terence is lightly wounded.
Terence hits you with a +0 falchion of protection.
Terence barely misses you.
You hit Terence but do no damage.
Terence is lightly wounded.
Terence hits you with a +0 falchion of protection.
You hit Terence but do no damage.
Terence is lightly wounded.
Terence hits you with a +0 falchion of protection.
You are too injured to fight recklessly!
You are too injured to fight recklessly!
You are too injured to fight recklessly!
You are too injured to fight recklessly!
You are too injured to fight recklessly!
You are too injured to fight recklessly!
You are too injured to fight recklessly!
You are too injured to fight recklessly!
You are too injured to fight recklessly!
You are too injured to fight recklessly!
You are too injured to fight recklessly!
You are too injured to fight recklessly!
You are too injured to fight recklessly!
You are too injured to fight recklessly!
You are too injured to fight recklessly!
You are too injured to fight recklessly!
You are too injured to fight recklessly!
You are too injured to fight recklessly!
You are too injured to fight recklessly!
You are too injured to fight recklessly!
You are too injured to fight recklessly!
You are too injured to fight recklessly!
You are too injured to fight recklessly!
You closely miss Terence.
Terence is lightly wounded.
Terence barely misses you.
You barely miss Terence.
Terence is lightly wounded.
Terence hits you with a +0 falchion of protection.
* * * LOW HITPOINT WARNING * * *
Terence hits you with a +0 falchion of protection.
* * * LOW HITPOINT WARNING * * *
You completely miss Terence.
Terence is lightly wounded.
Terence closely misses you.
You closely miss Terence.
Terence is lightly wounded.
Terence hits you but does no damage.
A rat comes into view.
You closely miss Terence.
Terence is lightly wounded.
Terence hits you with a +0 falchion of protection.
* * * LOW HITPOINT WARNING * * *
Terence barely misses you.
You barely miss Terence.
Terence is lightly wounded.
Terence hits you with a +0 falchion of protection.
* * * LOW HITPOINT WARNING * * *
You closely miss Terence.
Terence is lightly wounded.
Terence hits you with a +0 falchion of protection.
You die...

#.....######........#
##.........##........#
...##+####.##........
...##.# #.##......#
†.....# #.##......#
...#######'##......#####
...##......†............
#####.........?.........
#......†....@.......
#.....(..####@......
#.<......# .......
#........# .......
#........# .r.....
...........# ...$...
############# .#.####
.#.#


You could see Terence and a rat.

Vanquished Creatures
  3 gnolls (D:2)
  5 bats
  4 endoplasms
  A giant cockroach (D:1)
  3 hobgoblins (D:1)
  A quokka (D:1)
  4 ball pythons
  2 frilled lizards (D:1)
  5 goblins (D:1)
  2 kobolds (D:1)
  3 rats (D:1)
33 creatures vanquished.

Notes
Turn   | Place    | Note
-------+----------+-------------------------------------------
     0 | D:1      | sleeves the Demonspawn Fighter began the quest for the Orb.
     0 | D:1      | Reached XP level 1. HP: 18/18 MP: 1/1
     4 | D:1      | Noticed a spriggan
     4 | D:1      | Noticed a vine stalker
     6 | D:1      | Noticed a troll
     7 | D:1      | Noticed a barachi
     9 | D:1      | Noticed a demigod
    14 | D:1      | Noticed a ghoul
    14 | D:1      | Noticed a barachi
    16 | D:1      | Noticed a barachi
    18 | D:1      | Noticed a draconian
    18 | D:1      | Noticed a felid
    18 | D:1      | Noticed a felid
    20 | D:1      | Noticed a vampire
    20 | D:1      | Noticed a demonspawn
    26 | D:1      | Found a faded altar of an unknown god.
    60 | D:1      | Reached skill level 2 in Axes
   175 | D:1      | Gained mutation: You have an unusually large brain. (Int
                  | +2) [demonic ancestry]
   175 | D:1      | Reached XP level 2. HP: 24/24 MP: 2/2
   328 | D:1      | Got the Catalogue of the Poisonous Glacier
   417 | D:1      | Reached skill level 3 in Axes
   831 | D:2      | Reached XP level 3. HP: 27/29 MP: 3/3
   863 | D:2      | HP: 14/29 [gnoll (5)]
   864 | D:2      | HP: 6/29 [gnoll (3)]
  1252 | D:2      | Noticed Terence
  1261 | D:2      | HP: 13/29 [Terence (4)]
  1264 | D:2      | HP: 6/29 [Terence (1)]
  1266 | D:2      | Slain by Terence

Illustrated notes

Levels and vault maps discovered:
D:1:      shiori_arrival_whats_in_store_for_you, layout_basic,
          chequers_ecumenical_altar_simple
D:2:      layout_basic, basic_altar, hangedman_glass_teeth, minmay_pentomino_s2,
          uniq_terence

Skill      XL: |  1  2 |
---------------+-------+-----
Axes           | 2 3 |  3.9
Fighting       | |  3.0
Armour         | |  2.6
Shields        | |  2.6

Action                   || total
-------------------------++-------
Melee: War axe           ||    83
Armor: Scale mail        ||    37
Dodge: Dodged            ||    52
Block: Buckler           ||    21

Table legend: (Time is in decaauts)
 A = Elapsed time spent in this place.
 B = Non-inter-level travel time spent in this place.
 C = Inter-level travel time spent in this place.
 D = Time resting spent in this place.
 E = Time spent auto-exploring this place.
 F = Levels seen in this place.
 G = Mean time per level.
                   A        B        C        D        E       F      G
               +--------+--------+--------+--------+--------+-----+--------+
         Total |   1296 |   1261 |     35 |      0 |   1065 |   2 |  648.0 |
       Dungeon |   1296 |   1261 |     35 |      0 |   1065 |   2 |  648.0 |
               +--------+--------+--------+--------+--------+-----+--------+

Top non-repeatable levels by time:
     D:1: 844 daAuts
     D:2: 452 daAuts
